Map: [ESL] Oceanborn

Players

DKZherO (herO) - Winner!

  • Race: Protoss Protoss
  • League: Grandmaster
  • Spawn Location: 5:00

LiquidCure (Cure)

  • Race: Terran Terran
  • League: Master
  • Spawn Location: 11:00

VOD

Have the link to the VOD?

Description

Time

  • Played on: Nov. 21, 2023, 7:18 a.m.
  • Length: 6:40
Show
View Real Time Build Order
Export as new Build Order

DKZherO Protoss - Winner!

Build Orders: 1 Gate Expand, Blink Stalkers 

Get SALT Encoding   

  12  0:00  Probe  
  13  0:12  Probe  
  14  0:16  Pylon  
  14  0:24  Probe  
  15  0:35  Gateway  
  15  0:36  Probe (Chrono Boost)  
  16  0:43  Assimilator  
  16  0:48  Probe (Chrono Boost)  
  17  0:53  Probe (Chrono Boost)  
  18  1:02  Probe  
  19  1:14  Probe  
  20  1:22  Cybernetics Core, Zealot  
  22  1:37  Nexus  
  22  1:44  Pylon  
  22  1:46  Probe  
  23  1:52  Assimilator  
  23  1:59  Adept (Chrono Boost)  
  23  2:03  Warp Gate  
  23  2:04  Probe  
  26  2:17  Probe  
  26  2:20  Adept (Chrono Boost)  
  29  2:27  Twilight Council  
  29  2:29  Probe  
  29  2:41  Probe  
  30  2:49  Stalker  
  32  2:53  Probe x2  
  32  2:58  Blink (Chrono Boost)  
  32  3:05  Probe x2  
  34  3:16  Gateway  
  34  3:17  Probe  
  34  3:18  Probe  
  36  3:28  Robotics Facility  
  36  3:31  Probe x2  
  38  3:43  Probe x2  
  38  3:47  Gateway  
  40  3:49  Gateway  
  40  3:53  Stalker  
  42  3:58  Probe x2  
  44  4:03  Pylon  
  44  4:07  Pylon  
  45  4:17  Warp Prism (Chrono Boost)  
  47  4:24  Probe x2  
  47  4:26  Assimilator  
  47  4:28  Sentry  
  47  4:29  Stalker  
  52  4:36  Probe x2  
  54  4:43  Stalker x2  
  58  4:47  Pylon  
  58  4:48  Probe  
  58  4:52  Observer  
  60  4:53  Stalker  
  60  4:57  Pylon  
  62  5:05  Probe  
  63  5:15  Stalker  
  63  5:16  Stalker x2  
  63  5:17  Stalker  
  71  5:25  Probe x2  
  61  5:44  Stalker x2  
  61  5:45  Stalker x2  
  61  5:46  Probe x2  
  69  5:59  Dark Shrine  
  68  6:10  Stalker x3, Zealot  
  72  6:19  Probe x2  
Show
View Real Time Build Order
Export as new Build Order

LiquidCure Terran 

Build Orders:  

Get SALT Encoding   

  12  0:00  SCV  
  13  0:12  SCV  
  14  0:17  Supply Depot  
  14  0:24  SCV  
  15  0:39  SCV  
  15  0:40  Barracks  
  15  0:42  Refinery  
  16  0:51  SCV  
  17  1:03  SCV  
  18  1:15  SCV  
  19  1:27  Orbital Command  
  20  1:34  Command Center  
  20  1:37  Marine  
  20  1:48  Factory  
  20  1:53  SCV  
  21  1:57  Refinery  
  21  2:01  Barracks Reactor  
  21  2:05  SCV  
  22  2:09  Supply Depot  
  22  2:17  SCV  
  23  2:31  SCV  
  23  2:34  Hellion  
  25  2:37  Marine x2  
  25  2:43  SCV  
  28  2:47  Orbital Command  
  27  2:55  Marine x2  
  30  3:00  Cyclone  
  30  3:05  SCV  
  31  3:14  SCV  
  31  3:18  SCV  
  31  3:19  Starport  
  33  3:26  SCV  
  33  3:29  Marine  
  33  3:30  SCV, Marine  
  36  3:35  Widow Mine  
  38  3:42  SCV x2  
  38  3:44  Supply Depot  
  40  3:50  Marine x2  
  40  3:52  Bunker  
  40  3:55  SCV x2  
  44  3:57  Factory Tech Lab  
  44  4:01  Starport Tech Lab  
  44  4:07  SCV x2  
  46  4:11  Marine  
  46  4:14  Supply Depot  
  48  4:18  Siege Tank  
  48  4:22  Raven  
  48  4:23  SCV  
  54  4:27  SCV, Interference Matrix  
  54  4:35  Marine x2  
  54  4:37  SCV  
  55  4:38  Supply Depot  
  55  4:39  SCV  
  55  4:42  Supply Depot  
  56  4:49  SCV  
  56  4:50  Siege Tank  
  56  4:51  SCV  
  61  4:55  Marine  
  61  4:59  Marine  
  62  5:02  SCV, Barracks  
  62  5:03  SCV  
  65  5:10  Barracks  
  65  5:16  Refinery  
  65  5:18  SCV x2  
  65  5:20  Marine  
  65  5:21  Marine, Engineering Bay  
  69  5:26  Siege Tank  
  64  5:30  SCV x2  
  59  5:38  Marine x2  
  59  5:42  SCV x2  
  57  5:54  Orbital Command  
  57  5:56  Marine  
  56  5:59  Siege Tank  
  59  6:05  SCV  
  59  6:13  Marine x2  
  59  6:17  SCV  
Tags
 
Add a new tag
Caveats
  • Supply blocks, unpowered buildings, or Contaminate may cause inaccurate times.
  • Supply counts are checked every 10 seconds.